Unix NetHack Version 5.0.0-0 post-release - last build May 10 2026 23:12:36 (d1fa5d53e341ca933230fdaa984d921c805b60aa,branch:main).

Game began 2026-05-12 16:52:29, ended 2026-05-12 20:06:13.

BeardyHaddock, lawful male dwarven Archeologist

                                             --
                                              .---
                                              ...---
                                            --.....---
                                           --..*.....---
                                          --...........---
                                         --..............---
                                        --.................---
                                       --....................---
                                      --.......................---
                                     --..........................---
                                    --.....o..).......(............---
                                   --......%...xso...................---
                                   -......:....o@`...................%.-
                                  -............a.d........^..............-
                              ........  `..................................-
                             ---       ...........................!.........|
                                      ---------------------------------------
BeardyHaddock the Investigator  St:17 Dx:10 Co:16 In:16 Wi:15 Ch:9  Lawful
Dlvl:11 $:2005 HP:0(74) Pw:28(28) AC:0  Xp:8 T:9964  Satiated

Latest messages:
 You hit the human zombie!
 The human zombie hits!
 You hit the human zombie!
 The human zombie just misses!
 You destroy the human zombie!
 You destroy the kobold zombie!
 You start digging.
 You hit the rock with all your might.
 You make an opening in the wall.
 You descend the stairs.
 There is a staircase up to level 10 here.
 You see here 3 poisoned crude arrows.
 The giant spider bites!
 The soldier ant bites!
 The soldier ant misses!
 It misses!
 The Uruk-hai hits!
 The Uruk-hai hits!
 The Uruk-hai picks up a food ration.
 The dog bites!
 The xan scratches your right boot!
 The giant spider bites!
 The soldier ant bites!
 The soldier ant stings!
 What do you want to read? [birBOY or ?*] ?
 As you read the scroll, it disappears.
 The ceiling rumbles above you!
 The xan is hit by a boulder!
 The Uruk-hai is hit by a boulder!
 Fortunately, the Uruk-hai is wearing a hard helmet.
 The boulder plugs a hole.
 The soldier ant is hit by a boulder!
 The giant spider is hit by a boulder!
 It is hit by a boulder!
 You hear a clanging sound.
 The Uruk-hai is hit by a boulder!
 The dog is hit by a boulder!
 You are hit by a boulder!
 Your elven leather helm does not protect you.
 The giant spider bites!
 The soldier ant misses!
 The soldier ant stings!
 It hits!
 The Uruk-hai hits!
 You die...
 Do you want your possessions identified? [ynq] (y) y
 Do you want to see your attributes? [ynq] (y) y
 Do you want an account of creatures vanquished? [ynaq] (y) n
 Do you want to see your conduct and achievements? [ynq] (y) n
 Do you want to see the dungeon overview? [ynq] (y) n

Inventory:
 Coins    ('$')
  $ - 2005 gold pieces
 Weapons  (')')
  y - a +0 shuriken
  D - 2 +0 daggers (at the ready)
  a - a +2 bullwhip
  k - the +0 Frost Brand (alternate weapon; not wielded)
 Armor    ('[')
  t - a blessed +0 cornuthaum
  p - an uncursed burnt +0 elven leather helm (being worn)
  E - an uncursed +0 pair of elven boots
  A - a blessed rotted +3 pair of water walking boots (being worn)
  q - an uncursed burnt +0 elven shield (being worn)
  G - an uncursed burnt rotted +0 dwarvish cloak (being worn)
  K - an uncursed +0 dwarvish mithril-coat (being worn)
 Comestibles  ('%')
  d - 8 uncursed food rations
  n - an uncursed lembas wafer
  R - 2 uncursed homemade tins of rothe meat
 Scrolls  ('?')
  O - an uncursed scroll of charging
  i - a blessed scroll of create monster
  B - an uncursed scroll of earth
  r - an uncursed scroll of genocide
  Y - an uncursed scroll of magic mapping
  b - an uncursed scroll of teleportation
 Potions  ('!')
  j - an uncursed potion of enlightenment
 Rings    ('=')
  z - an uncursed ring of free action
  I - an uncursed ring of polymorph control
  o - an uncursed ring of see invisible
 Wands    ('/')
  u - a wand of digging (0:5)
 Tools    ('(')
  V - an uncursed blindfold
  C - an uncursed mirror
  W - an uncursed oil lamp
  h - a +1 pick-axe (weapon in right hand)
  U - an uncursed skeleton key
  f - a tinning kit (0:45)
  X - a +0 unicorn horn
 Gems/Stones  ('*')
  v - an uncursed amethyst stone
  F - 4 uncursed fluorite stones
  S - an uncursed obsidian stone

BeardyHaddock the Archeologist's attributes:

Background:
 You were an Investigator, a level 8 male dwarven Archeologist.
 You were lawful, on a mission for Quetzalcoatl
 who was opposed by Camaxtli (neutral) and Huhetotl (chaotic).
 You were right-handed.
 You were in the Dungeons of Doom, on level 11, a very big room.
 You entered the dungeon 9964 turns ago.
 You had 1987 experience points, 573 more were needed to attain level 9.

Basics:
 You had 0 out of 74 hit points.
 You had all 28 energy points (spell power).
 Your armor class was 0.
 Your wallet contained 2005 zorkmids.
 Autopickup was off.

Final Characteristics:
 Your strength was 17 (limit:18/100).
 Your dexterity was 10 (limit:20).
 Your constitution was 16 (limit:20).
 Your intelligence was 16 (limit:16).
 Your wisdom was 15 (limit:16).
 Your charisma was 9 (limit:16).

Final Status:
 You were satiated.
 You were unencumbered.
 You were wielding a pick-axe.
 You had expert skill with pick-axe.

Final Attributes:
 You were piously aligned.
 Your items were somewhat protected from fire.
 Your items were somewhat protected from cold.
 You had automatic searching.
 You had infravision.
 You were stealthy.
 You could walk on water.
 You were guarded.
 Your spell casting was impaired by metallic armor.
 You were fast.
 You are dead.

Miscellaneous:
 You didn't encounter any bones levels.
 Total elapsed playing time was 1 hour, 32 minutes and 21 seconds.

Major events:
 Turn
    1: BeardyHaddock the lawful male dwarven Archeologist entered the dungeon
 1440: attained the rank of Field Worker (level 3)
 1747: entered the Gnomish Mines
 2809: reached Mine Town
 5617: attained the rank of Investigator (level 6)
 6534: found Frost Brand on the floor
 7594: consulted the Oracle
 8507: entered Sokoban
 8847: entered the Bigroom
 9964: killed by an Uruk-hai

Spells:
 Name                 Level Category     Fail Retention
 stone to flesh         3   healing      100%   51%-75%
 invisibility           4   escape       100%   51%-75%
 healing                1   healing      100%  76%-100%

Skills:
 Fighting Skills
   bare handed combat [Unskilled]
   two weapon combat  [Unskilled]
   riding             [Unskilled]
 Weapon Skills
   dagger             [Unskilled]
   knife              [Unskilled]
   pick-axe           [Expert]
   short sword        [Unskilled]
   saber              [Unskilled]
   club               [Unskilled]
   quarterstaff       [Unskilled]
   sling              [Unskilled]
   dart               [Unskilled]
   boomerang          [Unskilled]
   whip               [Basic]
   unicorn horn       [Unskilled]
 Spellcasting Skills
   attack spells      [Unskilled]
   healing spells     [Unskilled]
   divination spells  [Unskilled]
   matter spells      [Unskilled]

Voluntary challenges:
 Character rerolling was not enabled.
 You never genocided any monsters.
 You never polymorphed an object.
 You never changed form.
 You used no wishes.
 You did not violate any of the special Sokoban rules.
Achievements:
 You entered a shop.
 You attained the rank of Field Worker.
 You entered the Gnomish Mines.
 You entered Minetown.
 You attained the rank of Investigator.
 You consulted the Oracle of Delphi.
 You entered Sokoban.
 You entered the Big Room.

 The Dungeons of Doom: levels 1 to 11
    Level 1:
       Some fountains.
    Level 2:
       A scroll shop, an altar, a fountain.
    Level 3:
       A fountain.
       Stairs down to The Gnomish Mines.
    Level 4:
       A fountain.
    Level 5:
    Level 6:
       A fountain.
    Level 7:
       A scroll shop.
    Level 8:
       A sink.
    Level 9:
       Many fountains.
       Oracle of Delphi.
    Level 10:
       A fountain.
       Stairs up to Sokoban, level 9.
    Level 11: <- You were here.
       A very big room.
       Final resting place for
          you, killed by an Uruk-hai.
 The Gnomish Mines: levels 4 to 7
    Level 4:
    Level 5:
    Level 6:
       Many shops, an altar, some fountains.
    Level 7:
 Sokoban:
    Level 9:
       Unsolved.


Vanquished creatures:
  a stalker
  2 wargs
  a warhorse
  a xan
  a quantum mechanic
  a flaming sphere
  a large cat
  2 tigers
  a stone giant
 an elf mummy
  a red naga
  a python
 an ettin zombie
  a leather golem
  6 winter wolf cubs
  2 leprechauns
  a horse
 an ice vortex
  a black light
  a gnome ruler
  2 brown puddings
 an owlbear
  a gold golem
  a werewolf
  a Green-elf
  a lizard
  a blue jelly
  a white unicorn
  4 dust vortices
  a raven
  3 gnome mummies
  2 snakes
 an ape
  a human zombie
  2 Woodland-elves
  2 fire ants
  a bugbear
 an imp
  a quasit
  a wood nymph
  a water nymph
  a mountain nymph
  3 Uruk-hai
  3 rock piercers
  2 rock moles
  a fog cloud
  2 yellow lights
  a shrieker
  2 gnome leaders
  2 gnomish wizards
  3 kobold mummies
  2 gray oozes
  2 giant ants
  4 floating eyes
  3 kittens
  3 dwarves
  3 hill orcs
  3 rothes
  2 centipedes
  3 giant bats
  a monkey
  4 orc zombies
  a dwarf zombie
  4 iguanas
  2 coyotes
  a gas spore
  3 hobbits
  6 manes
  a large kobold
  2 giant rats
  a cave spider
  a brown mold
  a yellow mold
  a green mold
  a red mold
 13 gnomes
  3 garter snakes
  2 gnome zombies
  4 geckos
  7 jackals
  a kobold
  5 goblins
 11 sewer rats
  8 grid bugs
  5 bats
  4 lichens
  5 kobold zombies
  9 newts
210 creatures vanquished.

No species were genocided or became extinct.

Game over:
                       ----------
                      /          \
                     /    REST    \
                    /      IN      \
                   /     PEACE      \
                  /                  \
                  |  BeardyHaddock   |
                  |     2005 Au      |
                  |   killed by an   |
                  |     Uruk-hai     |
                  |                  |
                  |                  |
                  |       2026       |
                 *|     *  *  *      | *
        _________)/\\_//(\/(/\)/\//\/|_)_______

Goodbye BeardyHaddock the Archeologist...

You died in The Dungeons of Doom on dungeon level 11 with 10314 points,
and 2005 pieces of gold, after 9964 moves.
You were level 8 with a maximum of 74 hit points when you died.

